 Dungeon Crawl Stone Soup version 0.30-a0-782-ge64f9170bb (webtiles) character file.

Game seed: 12420182840343278169

5553 senseless the Skirmisher (level 10, -2/80 HPs)
             Began as a Gnoll Hunter on Mar 14, 2023.
             Slain by an orc warrior
             ... wielding a +0 broad axe
              (12 damage)
             ... in a bailey.
             The game lasted 00:17:37 (6202 turns).

senseless the Skirmisher (Gnoll Hunter)             Turns: 6202, Time: 00:17:38

Health: -2/80      AC:  9    Str: 11    XL:     10   Next: 71%
Magic:  0/19       EV: 16    Int: 12    God:
Gold:   456        SH:  0    Dex: 19    Spells: 21/21 levels left

rFire   . . .      SeeInvis +    b - +7 long sword of Peril {flame, rPois Int+3 SInv}
rCold   . . .      Faith    .    (no shield)
rNeg    . . .      Spirit   +    d - +0 troll leather armour {Pargi}
rPois   +          Reflect  .    n - +2 helmet
rElec   .          Harm     .    o - +0 cloak
rCorr   .          Rampage  .    (no gloves)
Will    .....                    (no boots)
Stlth   +++                      m - amulet of guardian spirit
HPRegen 1.13/turn                r - ring of poison resistance
MPRegen 0.16/turn                (no ring)

@: hasted, studying Conjurations, very quick
A: fangs 1, strong nose, distributed training
a: no special abilities


You were in a bailey.
You visited 1 branch of the dungeon, and saw 8 of its levels.
You also visited: Bailey.

You collected 456 gold pieces.

Inventory:

Hand Weapons
 a - a +1 hand crossbow of freezing
 b - the +7 long sword of Peril (weapon) {flame, rPois Int+3 SInv}
   (You found it on level 7 of the Dungeon)

   Int:       It affects your intelligence (+3).
   rPois:     It protects you from poison.
   SInv:      It lets you see invisible.
 f - a +1 dagger of holy wrath
 i - a +1 heavy falchion
 k - a +4 quarterstaff of chaos
 t - a +0 mace of holy wrath
 u - a +0 shortbow of flaming
 w - a +2 short sword of venom
 L - a +4 hand axe
Armour
 d - a +0 troll leather armour (worn) {Pargi}
 e - a +1 plate armour
 n - a +2 helmet (worn)
 o - a +0 cloak (worn)
Magical Staves
 s - a staff of conjuration
 x - a staff of conjuration
Jewellery
 m - an amulet of guardian spirit (around neck)
 r - a ring of poison resistance (left hand)
 J - a ring of positive energy
Wands
 z - a wand of light (8)
 B - a wand of paralysis (9)
 E - a wand of flame (19)
 G - a wand of iceblast (7)
Scrolls
 y - 2 scrolls of poison
 I - a scroll of brand weapon
 K - 3 scrolls of immolation
 M - a scroll of fog
 N - a scroll of magic mapping {unknown}
 O - a scroll of summoning {unknown}
Potions
 c - 2 potions of haste
 g - a potion of resistance
 j - a potion of attraction {unknown}
 l - 3 potions of magic {unknown}
 p - 3 potions of curing
 q - 3 potions of mutation {unknown}
 v - 2 potions of berserk rage {unknown}
 A - a potion of brilliance {unknown}
 C - a potion of flight {unknown}
 D - a potion of heal wounds {unknown}
 F - 2 potions of cancellation {unknown}


   Skills:
 + Level 8.0 Fighting
 + Level 6.4 Short Blades
 + Level 6.4 Long Blades
 + Level 6.4 Axes
 + Level 6.4 Maces & Flails
 + Level 6.4 Polearms
 + Level 6.4 Staves
 + Level 10.7 Ranged Weapons
 + Level 6.4 Throwing
 + Level 6.4 Armour
 + Level 8.0 Dodging
 + Level 6.9 Stealth
 + Level 6.4 Shields
 + Level 6.4 Unarmed Combat
 + Level 6.4 Spellcasting
 + Level 6.0 Conjurations
 + Level 5.3 Hexes
 + Level 5.3 Summonings
 + Level 5.3 Necromancy
 + Level 5.3 Translocations
 + Level 5.3 Transmutations
 + Level 5.3 Fire Magic
 + Level 5.3 Ice Magic
 + Level 5.3 Air Magic
 + Level 5.3 Earth Magic
 + Level 5.3 Poison Magic
 + Level 7.0 Invocations
 + Level 6.4 Evocations


You had 21 spell levels left.
You didn't know any spells.
Your spell library contained the following spells:

 Spells                   Type           Power      Damage    Failure   Level
 Ensorcelled Hibernation  Hex/Ice        32%        N/A       3%          2
 Passwall                 Tmut/Erth      13%        N/A       3%          2
 Swiftness                Air            16%        N/A       8%          3


Dungeon Overview and Level Annotations

Branches:
Dungeon (8/15)             Temple (0/1) D:7          Bailey (1/1)
   Lair: D:8-11

Altars:
Kikubaaqudgha
Qazlal
Yredelemnul

Shops:
D:3 *:   D:6 :


Innate Abilities, Weirdness & Mutations

You have very sharp teeth.
Your uncanny sense of smell can sniff out nearby items.
Your experience applies equally to all skills.


Message History

The orc warlord is heavily wounded.
The orc warrior hits you with a +0 broad axe!!
The orc warlord hits you with a +5 broad axe!!
* * * LOW HITPOINT WARNING * * *
The hobgoblin closely misses you.
You are too injured to fight recklessly!
You are too injured to fight recklessly!
You are too injured to fight recklessly!
You are too injured to fight recklessly!
You are too injured to fight recklessly!
You are too injured to fight recklessly!
You are too injured to fight recklessly!
You are too injured to fight recklessly!
You are too injured to fight recklessly!
You are too injured to fight recklessly!
You are too injured to fight recklessly!
You are too injured to fight recklessly!
You are too injured to fight recklessly!
You are too injured to fight recklessly!
You are too injured to fight recklessly!
Press: ? - help, v - describe, . - travel, g - get item
Here: an orc warlord, wielding a +5 broad axe and wearing a +0 chain mail (heavily wounded)
Items here: )) [[ ††.
The floor, spattered with blood.
As you read the scroll of teleportation, it crumbles to dust.
You feel strangely unstable.
Your surroundings seem slightly different.
The orc warrior no longer looks unusually strong.
The orc warlord roars a battlecry!
The orc warrior goes into a battle-frenzy!
You miss the orc warrior. You slash the orc warrior! You burn the orc warrior.
You punch the orc warrior.
The orc warrior is heavily wounded.
The orc warrior hits you with a +0 broad axe.
* * * LOW HITPOINT WARNING * * *
You slash the orc warrior! You burn the orc warrior. You bite the orc warrior.
The orc warrior is almost dead.
The orc warrior no longer looks unusually strong.
The orc warrior hits you with a +0 broad axe!
You die...

##.........###...
#...........#....
#......)..)[)....
#.....⌠.....#....
#...........#....
#...........#....
###.).......###...
###.#)#.....###.###.
###..@o)###.###....
##
##......o..###......
∆
#.......o..8##......
∆
#........og8#)......
∆
#∩....⌠.....))......
∆
#..........8#.......
∆
#..........8##......
∆
##.........###......
∆
###.....###.###....
##


You could see an orc warlord, 2 orc warriors, an orc (strong) and a hobgoblin.

Vanquished Creatures
  An orc knight (Bailey)
  A cyclops (D:7)
  A hornet (D:7)
  Sigmund (D:2)
  5 yaks
  A wyvern (D:8)
  Menkaure (D:4)
  Pargi (D:3)
  A black bear (D:4)
  12 orc warriors
  A sky beast (D:7)
  An ice beast (D:6)
  2 phantoms
  2 centaurs
  2 bullfrogs
  3 scorpions
  A necrophage (D:6)
  A water moccasin zombie (D:4)
  A crimson imp (D:7)
  4 hounds
  6 orc priests
  Crazy Yiuf (D:3)
  A jelly (D:7)
  Jessica (D:2)
  5 iguanas (D:5)
  Ijyb (D:5)
  3 orc wizards (D:3)
  A mummy (D:4)
  5 gnolls
  3 adders (D:6)
  4 shadow imps (D:6)
  3 white imps
  An ufetubus (D:6)
  4 worms
  4 dart slugs
  33 orcs
  8 endoplasms
  4 giant cockroaches
  14 goblins
  15 hobgoblins
  11 jackals
  5 quokkas
  6 ball pythons
  5 bats
  6 frilled lizards
  3 kobolds
  6 rats
202 creatures vanquished.

Vanquished Creatures (others)
  7 plants (D:7)
7 creatures vanquished.

Grand Total: 209 creatures vanquished

Notes
Turn   | Place    | Note
-------+----------+-------------------------------------------
     0 | D:1      | senseless the Gnoll Hunter began the quest for the Orb.
     0 | D:1      | Reached XP level 1. HP: 20/20 MP: 1/1
   109 | D:1      | Reached XP level 2. HP: 26/26 MP: 2/2
   217 | D:1      | Reached XP level 3. HP: 31/31 MP: 3/3
   421 | D:1      | Reached skill level 1 in Invocations
   734 | D:2      | Noticed Sigmund
   743 | D:2      | Killed Sigmund
   744 | D:2      | Reached skill level 1 in Short Blades
   744 | D:2      | Reached skill level 1 in Long Blades
   744 | D:2      | Reached skill level 1 in Axes
   744 | D:2      | Reached skill level 1 in Maces & Flails
   744 | D:2      | Reached skill level 1 in Polearms
   744 | D:2      | Reached skill level 1 in Staves
   744 | D:2      | Reached skill level 1 in Throwing
   744 | D:2      | Reached skill level 1 in Armour
   744 | D:2      | Reached skill level 1 in Shields
   744 | D:2      | Reached skill level 1 in Unarmed Combat
   744 | D:2      | Reached skill level 1 in Spellcasting
   744 | D:2      | Reached skill level 1 in Conjurations
   744 | D:2      | Reached skill level 1 in Hexes
   744 | D:2      | Reached skill level 1 in Summonings
   744 | D:2      | Reached skill level 1 in Necromancy
   744 | D:2      | Reached skill level 1 in Translocations
   744 | D:2      | Reached skill level 1 in Transmutations
   744 | D:2      | Reached skill level 1 in Fire Magic
   744 | D:2      | Reached skill level 1 in Ice Magic
   744 | D:2      | Reached skill level 1 in Air Magic
   744 | D:2      | Reached skill level 1 in Earth Magic
   744 | D:2      | Reached skill level 1 in Poison Magic
   744 | D:2      | Reached skill level 1 in Evocations
   744 | D:2      | Reached XP level 4. HP: 24/38 MP: 4/6
   744 | D:2      | Reached XP level 5. HP: 27/43 MP: 4/7
   940 | D:2      | Reached XP level 6. HP: 50/50 MP: 8/8
  1460 | D:2      | Noticed Jessica
  1464 | D:2      | Killed Jessica
  1731 | D:3      | Reached skill level 5 in Fighting
  1731 | D:3      | Reached skill level 5 in Dodging
  1773 | D:3      | Reached skill level 5 in Short Blades
  1773 | D:3      | Reached skill level 5 in Long Blades
  1773 | D:3      | Reached skill level 5 in Axes
  1773 | D:3      | Reached skill level 5 in Maces & Flails
  1773 | D:3      | Reached skill level 5 in Polearms
  1773 | D:3      | Reached skill level 5 in Staves
  1773 | D:3      | Reached skill level 10 in Ranged Weapons
  1773 | D:3      | Reached skill level 5 in Throwing
  1773 | D:3      | Reached skill level 5 in Armour
  1773 | D:3      | Reached skill level 5 in Stealth
  1773 | D:3      | Reached skill level 5 in Shields
  1773 | D:3      | Reached skill level 5 in Unarmed Combat
  1773 | D:3      | Reached skill level 5 in Spellcasting
  1773 | D:3      | Reached skill level 5 in Invocations
  1773 | D:3      | Reached skill level 5 in Evocations
  1773 | D:3      | Reached XP level 7. HP: 59/59 MP: 8/14
  1829 | D:3      | Noticed Pargi
  1835 | D:3      | Killed Pargi
  2062 | D:3      | Found Koaso's Vocational Training.
  2324 | D:3      | Found Plog's General Store.
  2471 | D:3      | Found a runed translucent door.
  2472 | D:3      | Noticed Crazy Yiuf
  2479 | D:3      | Killed Crazy Yiuf
  2699 | D:4      | Reached XP level 8. HP: 67/67 MP: 15/15
  3051 | D:4      | Found a transporter.
  3060 | D:4      | Found a transporter.
  3076 | D:4      | Found a basalt altar of Yredelemnul.
  3080 | D:4      | Noticed Menkaure
  3086 | D:4      | Found an ancient bone altar of Kikubaaqudgha.
  3133 | D:4      | Killed Menkaure
  3260 | D:5      | Entered Level 5 of the Dungeon
  3675 | D:5      | Noticed Ijyb
  3682 | D:5      | Killed Ijyb
  3939 | D:5      | Identified a scroll of acquirement
  3939 | D:5      | Acquired a +1 hand crossbow of freezing
  3948 | D:6      | Found Neskosk's Self-Improvement Boutique.
  4056 | D:6      | Noticed a yak
  4056 | D:6      | Noticed a yak
  4057 | D:6      | Noticed a yak
  4057 | D:6      | Noticed a yak
  4058 | D:6      | Noticed a yak
  4068 | D:5      | Killed a yak
  4171 | D:6      | Reached XP level 9. HP: 72/72 MP: 17/17
  4882 | D:7      | Found a staircase to the Ecumenical Temple.
  4888 | D:6      | Reached skill level 5 in Conjurations
  5005 | D:7      | Found a stormy altar of Qazlal.
  5114 | D:7      | Noticed a hornet
  5121 | D:7      | Killed a hornet
  5253 | D:7      | Reached XP level 10. HP: 79/79 MP: 18/18
  5369 | D:7      | Noticed a cyclops
  5378 | D:7      | Killed a cyclops
  5379 | D:7      | Reached skill level 5 in Hexes
  5379 | D:7      | Reached skill level 5 in Summonings
  5379 | D:7      | Reached skill level 5 in Necromancy
  5379 | D:7      | Reached skill level 5 in Translocations
  5379 | D:7      | Reached skill level 5 in Transmutations
  5379 | D:7      | Reached skill level 5 in Fire Magic
  5379 | D:7      | Reached skill level 5 in Ice Magic
  5379 | D:7      | Reached skill level 5 in Air Magic
  5379 | D:7      | Reached skill level 5 in Earth Magic
  5379 | D:7      | Reached skill level 5 in Poison Magic
  5614 | D:7      | Identified the +7 long sword of Peril {flame, rPois Int+3
                  | SInv}
  5819 | D:8      | Found a flagged portal.
  5831 | Bailey   | Entered a bailey
  5957 | Bailey   | Noticed an orc knight
  5988 | Bailey   | Killed an orc knight
  6173 | Bailey   | Noticed an orc warlord
  6202 | Bailey   | Slain by an orc warrior

Illustrated notes

Levels and vault maps discovered:
D:1:      lightli_arrival_isolated_outpost, layout_basic, minmay_box_of_dots
D:2:      layout_basic, dk_noncrumbling_4, minmay_pentomino_w2, uniq_sigmund,
          uniq_jessica
D:3:      layout_basic, serial_shops, shop, grunt_decor_clamped,
          hangedman_abyss_or_decor_stabs, nicolae_shop_vocational, uniq_pargi,
          uniq_crazy_yiuf_cottage
D:4:      layout_cave_pools, gammafunk_temple_of_torment
D:5:      layout_basic, uniq_ijyb
D:6:      layout_basic, mrwooster_statue_mirror, st_stairs_13,
          ebering_dispersal_statue_hall, nicolae_shop_self_help
D:7:      layout_loops_ring, nicolae_qazlal_style_of_elements,
          minmay_temple_entry_overgrown, st_stairs_4, minmay_fire_ice_demons
D:8:      layout_cave_pools, old_standard_altar, enter_bailey_5,
          bh_walls_and_bars
Bailey:   bailey_axe_minmay_hex_keep, bailey

Skill      XL: |  1  2  3  4  5  6  7  8  9 10 |
---------------+-------------------------------+-----
Invocations    | 2 5 6 7 |  7.0
Short Blades   | 1 5 6 |  6.4
Long Blades    | 1 5 6 |  6.4
Axes           | 1 5 6 |  6.4
Maces & Flails | 1 5 6 |  6.4
Polearms       | 1 5 6 |  6.4
Staves         | 1 5 6 |  6.4
Throwing       | 1 5 6 |  6.4
Armour         | 1 5 6 |  6.4
Shields        | 1 5 6 |  6.4
Unarmed Combat | 1 5 6 |  6.4
Spellcasting   | 1 5 6 |  6.4
Conjurations   | 1 4 5 6 |  6.0
Hexes          | 1 4 5 |  5.3
Summonings     | 1 4 5 |  5.3
Necromancy     | 1 4 5 |  5.3
Translocations | 1 4 5 |  5.3
Transmutations | 1 4 5 |  5.3
Fire Magic     | 1 4 5 |  5.3
Ice Magic      | 1 4 5 |  5.3
Air Magic      | 1 4 5 |  5.3
Earth Magic    | 1 4 5 |  5.3
Poison Magic   | 1 4 5 |  5.3
Evocations     | 1 5 6 |  6.4
Stealth        | 3 5 6 |  6.9
Fighting       | 6 7 8 |  8.0
Dodging        | 6 7 8 |  8.0
Ranged Weapons | 10 | 10.7

Action                     |  1- 3 |  4- 6 |  7- 9 | 10-12 || total
---------------------------+-------+-------+-------+-------++-------
  Melee: Falchion          |       |       |     4 |       ||     4
         Punch             |       |       |     1 |     2 ||     3
         Long sword        |       |       |       |    54 ||    54
         Bite              |       |       |       |     9 ||     9
   Fire: Shortbow          |    74 |    32 |   202 |       ||   308
         Hand crossbow     |       |       |   106 |    83 ||   189
    Use: Scroll            |     4 |     5 |     9 |     2 ||    20
         Potion            |       |     1 |     1 |     4 ||     6
 Armour: Leather armour    |     5 |       |       |       ||     5
         Troll leather arm |       |       |    32 |     8 ||    40
  Dodge: Dodged            |    26 |     5 |    87 |    76 ||   194

Table legend: (Time is in decaauts)
 A = Elapsed time spent in this place.
 B = Non-inter-level travel time spent in this place.
 C = Inter-level travel time spent in this place.
 D = Time resting spent in this place.
 E = Time spent auto-exploring this place.
 F = Levels seen in this place.
 G = Mean time per level.
                   A        B        C        D        E       F      G
               +--------+--------+--------+--------+--------+-----+--------+
         Total |   6281 |   5868 |    413 |     29 |   4765 |   9 |  697.9 |
       Dungeon |   5922 |   5509 |    413 |     29 |   4561 |   8 |  740.2 |
        Bailey |    359 |    359 |      0 |      0 |    203 |   1 |  359.0 |
               +--------+--------+--------+--------+--------+-----+--------+

Top non-repeatable levels by time:
     D:2: 1063 daAuts
     D:3: 937 daAuts
     D:6: 864 daAuts
     D:5: 834 daAuts
     D:7: 789 daAuts
     D:1: 678 daAuts
     D:4: 628 daAuts
  Bailey: 359 daAuts
     D:8: 126 daAuts
